 Dungeon Crawl Stone Soup version 0.20.0-15-g7f486f2 (webtiles) character file.

70 manyhoops the Twirler (level 4, -1/34 HPs)
             Began as a Barachi Gladiator on June 12, 2017.
             Slain by sagitran's ghost (5 damage)
             ... on level 3 of the Dungeon.
             The game lasted 00:02:29 (1485 turns).

manyhoops the Twirler (Barachi Gladiator)           Turns: 1485, Time: 00:02:31

Health: -1/34      AC:  5    Str: 16    XL:     4   Next: 22%
Magic:  4/4        EV: 18    Int: 14    God:
Gold:   163        SH:  0    Dex: 18    Spells: 3/3 levels left

rFire    . . .     SeeInvis .   a - +0 quarterstaff
rCold    . . .     Gourm    .   (shield currently unavailable)
rNeg     . . .     Faith    .   b - +0 leather armour
rPois    .         Spirit   .   c - +0 helmet
rElec    .         Reflect  .   h - +0 cloak
rCorr    .         Harm     .   (no gloves)
MR       .....                  (no boots)
Stlth    ++........             (no amulet)
Regen    0.2/turn               (no ring)
MPRegen  0.1/turn               (no ring)

@: brilliant, agile, slow
A: +LOS, swims, slowness 1, strong legs 1
a: Hop


You were on level 3 of the Dungeon.
You were hungry.

You visited 1 branch of the dungeon, and saw 3 of its levels.

You collected 163 gold pieces.

Inventory:

Hand Weapons
 a - a +0 quarterstaff (weapon)
Missiles
 d - 3 throwing nets (quivered)
Armour
 b - a +0 leather armour (worn)
 c - a +0 helmet (worn)
 h - a +0 cloak (worn)
Wands
 m - a wand of lightning (9/15)
Scrolls
 e - a scroll of random uselessness {unknown}
 g - 2 scrolls of identify {unknown}
Potions
 k - a potion of curing
Comestibles
 f - 2 bread rations


   Skills:
 - Level 2.7 Fighting
 + Level 5.3 Staves
 - Level 2.0 Throwing
 - Level 3.2 Dodging


You had 3 spell levels left.
You didn't know any spells.

Dungeon Overview and Level Annotations

Branches:
Dungeon (3/15)

Altars:
Ashenzari

Annotations:
D:3 sagitran's ghost, amateur GrEE


Innate Abilities, Weirdness & Mutations

Shadows flee at your approach. (+LOS)
You can swim through water.
You cover ground slowly.
You can hop short distances.


Message History

You miss sagitran's ghost.
Sagitran's ghost is severely damaged.
Sagitran's ghost casts a spell at you. The blast of sand hits you!
You barely miss sagitran's ghost.
Sagitran's ghost is severely damaged.
Sagitran's ghost gestures at you while chanting.
The blast of sand hits you!
You hit sagitran's ghost.
Sagitran's ghost is severely damaged.
Sagitran's ghost barely misses you.
You barely miss sagitran's ghost.
Sagitran's ghost is severely damaged.
Sagitran's ghost points at you and mumbles some strange words.
The blast of sand hits you!
* * * LOW HITPOINT WARNING * * *
You hit sagitran's ghost but do no damage.
Sagitran's ghost is severely damaged.
Sagitran's ghost hits you.
You die...

#.##.#.# #......#
#.. #.##.#.#
#......# #.#
#.##...#
#..†...###.#
#.###..#
#..........#
#......#
#.....)###.#
#####.##
#.#.#..###.# #.#
#.#.....##.# #.#
##....†.)...# #@#
##...##...##.# #W#
#..W.........#
#.........##..####
#####..... #..#
##.... ..# #.##.
.## #. .# # .# ##


You could see sagitran's ghost.

Vanquished Creatures
  An adder (D:2)
  An ooze (D:2)
  A worm (D:2)
  4 dart slugs
  2 leopard geckos (D:1)
  A giant cockroach (D:1)
  5 goblins (D:2)
  4 hobgoblins
  3 jackals (D:2)
  7 bats
  2 frilled lizards
  6 kobolds
  7 rats
44 creatures vanquished.

Notes
Turn   | Place    | Note
-------+----------+-------------------------------------------
     0 | D:1      | manyhoops the Barachi Gladiator began the quest for the Orb.
     0 | D:1      | Reached XP level 1. HP: 17/17 MP: 1/1
    71 | D:1      | Reached XP level 2. HP: 23/23 MP: 2/2
    84 | D:1      | Reached skill level 4 in Staves
   122 | D:1      | Found a shattered altar of Ashenzari.
   554 | D:2      | Reached XP level 3. HP: 21/28 MP: 3/3
  1071 | D:2      | Reached skill level 5 in Staves
  1116 | D:2      | Reached XP level 4. HP: 33/34 MP: 4/4
  1384 | D:3      | Noticed sagitran's ghost (amateur GrEE)
  1485 | D:3      | Slain by sagitran's ghost

Skill      XL: |  1  2  3 |
---------------+----------+-----
Staves         | 4 5 |  5.3
Fighting       | |  2.7
Throwing       | |  2.0
Dodging        | |  3.2

Action                   |  1- 3 |  4- 6 || total
-------------------------+-------+-------++-------
Melee: Quarterstaff      |   109 |    59 ||   168
 Abil: Hop               |     1 |       ||     1
  Use: Potion            |       |     4 ||     4
 Stab: Sleeping          |     1 |       ||     1
  Eat: Chunk             |     1 |     1 ||     2
Armor: Leather armour    |    35 |    26 ||    61
Dodge: Dodged            |   101 |    50 ||   151
